 Dungeon Crawl Stone Soup version 0.31-a0-1074-g0b22e4e0f1 (webtiles) character file.

Game seed: 7254963833161815494

4004 drugrobin the Basher (level 9, -7/68 HPs)
             Began as a Demigod Delver on Dec 8, 2023.
             Mangled by a polar bear (14 damage)
             ... on level 9 of the Dungeon.
             The game lasted 00:19:27 (8340 turns).

drugrobin the Basher (Demigod Delver)               Turns: 8340, Time: 00:19:28

Health: -7/68      AC:  9    Str: 27    XL:     9   Next: 73%
Magic:  11/11      EV: 12    Int: 12    God:
Gold:   257        SH:  0    Dex: 19    Spells: 8/8 levels left

rFire   + . .        a - +4 mace
rCold   + . .        (no shield)
rNeg    . . .        M - +2 robe {rC+ rF+}
rPois   .            (no helmet)
rElec   .            P - +0 cloak
rCorr   .            o - +0 pair of gloves
SInv    .            j - +2 pair of boots
Will    .....        u - amulet of the acrobat
Stlth   +++          L - +6 ring of strength
HPRegen 0.31/turn    (no ring)
MPRegen 0.12/turn

%: acrobat
@: no status effects
A: high MP 1, forlorn, divine attributes
a: no special abilities


You were on level 9 of the Dungeon.
You visited 1 branch of the dungeon, and saw 9 of its levels.

You collected 439 gold pieces.
You spent 182 gold pieces at shops.

Inventory:

Hand Weapons
 a - a +4 mace (weapon)
 b - a +0 sling
 c - a +4 rapier of venom
 d - a +0 whip of electrocution
 l - a +0 mace
 N - a +0 flail
Missiles
 I - 4 poisoned darts (quivered)
Armour
 j - a +2 pair of boots (worn)
 o - a +0 pair of gloves (worn)
 y - a +0 chain mail
 K - a +2 leather armour of fire resistance
 M - a +2 robe of resistance (worn)
 P - a +0 cloak (worn)
Jewellery
 u - an amulet of the acrobat (around neck)
 L - a +6 ring of strength (left hand)
Wands
 g - a wand of digging (3)
 i - a wand of mindburst (12)
 m - a wand of flame (18)
 G - a wand of polymorph (10)
Scrolls
 e - 2 scrolls of fear
 k - a scroll of immolation {unknown}
 r - 2 scrolls of blinking {unknown}
 s - a scroll of teleportation {unknown}
 t - 8 scrolls of identify {unknown}
 w - 2 scrolls of enchant weapon {unknown}
 x - 3 scrolls of noise {unknown}
 B - a scroll of silence {unknown}
 E - 2 scrolls of amnesia {unknown}
 H - 2 scrolls of enchant armour {unknown}
 J - a scroll of fog
 O - a scroll of vulnerability {unknown}
 Q - 2 scrolls of revelation
Potions
 f - 4 potions of haste
 h - 3 potions of resistance {unknown}
 p - 8 potions of curing
 q - 3 potions of berserk rage {unknown}
 v - 2 potions of mutation {unknown}
 z - a potion of cancellation {unknown}
 A - a potion of enlightenment {unknown}
 C - 2 potions of ambrosia {unknown}
 D - 3 potions of attraction
 F - 4 potions of invisibility
 R - 2 potions of brilliance {unknown}


   Skills:
 - Level 2.6 Fighting
 + Level 12.6 Maces & Flails
 - Level 1.7 Dodging
 - Level 4.5 Stealth
 - Level 4.0 Evocations


You had 8 spell levels left.
You didn't know any spells.
Your spell library contained the following spells:

 Spells                   Type           Power      Damage    Failure   Level
 Ozocubu's Armour         Ice            0%         N/A       69%         3
 Brom's Barrelling Bould  Conj/Erth      0%         2d3       97%         4
 Vhi's Electric Charge    Tloc/Air       0%         N/A       97%         4
 Arcjolt                  Conj/Air       0%         1d10      100%        5
 Fireball                 Conj/Fire      0%         3d3       100%        5
 Iskenderun's Battlesphe  Conj           0%         2d6       100%        5
 Metabolic Englaciation   Hex/Ice        0%         N/A       100%        5
 Conjure Ball Lightning   Conj/Air       0%         3x3d6     100%        6
 Simulacrum               Ice/Necr       0%         N/A       100%        6
 Orb of Destruction       Conj           0%         9d5       100%        7
 Maxwell's Capacitive Co  Air            0%         ∞         100%        8


Dungeon Overview and Level Annotations

Branches:
Dungeon (9/15)             Temple (0/1) D:5
   Lair: D:8-11         Orc: D:9-12

Shops:
D:4 !


Innate Abilities, Weirdness & Mutations

You have an increased reservoir of magic. (+10% MP)
You shall have no god before yourself.
Your divine heritage dramatically boosts your attributes as you level up.


Message History

You barely miss the polar bear.
The polar bear is lightly wounded.
The polar bear bites you! The polar bear closely misses you.
The polar bear claws you but does no damage.
You hit the polar bear. You punch the polar bear.
The polar bear is moderately wounded.
The polar bear bites you!
The polar bear claws you but does no damage.
The polar bear barely misses you.
You hit the polar bear.
The polar bear is moderately wounded.
You barely miss the polar bear.
The polar bear is moderately wounded.
The polar bear bites you!
The polar bear claws you but does no damage. x2
You hit the polar bear.
The polar bear is heavily wounded.
The polar bear bites you!
* * * LOW HITPOINT WARNING * * *
The polar bear barely misses you.
The polar bear claws you but does no damage.
Unknown command.
Unknown command.
Aiming: Paralyse
Press: ? - help, Shift-Dir - straight line, f - polar bear
Aim: a polar bear (heavily wounded, very poisoned, chance to affect: 59%)
The polar bear resists with significant effort.
The now-empty wand crumbles to dust.
The polar bear bites you.
* * * LOW HITPOINT WARNING * * *
The polar bear claws you but does no damage. x2
Okay, then.
Unknown command.
Unknown command.
Unknown command.
Aiming: Mindburst
Press: ? - help, Shift-Dir - straight line, f/p - polar bear
Aim: a polar bear (heavily wounded, very poisoned, chance to affect: 79%)
The polar bear's mind is blasted!
The polar bear bites you!
You die...

### ###### #.#### .....# #....#
#### .....# #...h# ##### #...
.....# #...@# #...# #...
.....########....#####...# #...
.................).......# #...
....######...............#####...
....# #.......................
....# #.....................##
....# #.....................#
....# #.....................#
....# #.....................#


You could see a polar bear (very poisoned).

Vanquished Creatures
  A kobold demonologist (D:8)
  3 yaks
  A wyvern (D:8)
  A steam dragon (D:7)
  5 ice beasts
  3 sky beasts
  2 black bears
  2 ogres (D:6)
  4 centaurs
  A phantom (D:6)
  3 bullfrogs
  A scorpion (D:6)
  7 wights
  A howler monkey (D:8)
  3 orc priests
  2 gnoll boudas
  3 hounds
  5 iguanas
  4 jellies
  2 sleepcaps (D:4)
  Terence (D:3)
  2 orc wizards
  12 gnolls
  A river rat (D:4)
  9 adders
  A shadow imp (D:7)
  3 white imps (D:5)
  4 worms
  3 dart slugs (D:1)
  9 orcs
  5 ball pythons
  5 bats
  12 endoplasms
  4 giant cockroaches
  7 goblins
  4 hobgoblins
  4 quokkas
  4 frilled lizards
  4 kobolds
  8 rats
156 creatures vanquished.

Notes
Turn   | Place    | Note
-------+----------+-------------------------------------------
     0 | D:5      | drugrobin the Demigod Delver began the quest for the Orb.
     0 | D:5      | Reached XP level 1. HP: 18/18 MP: 3/3
     9 | D:5      | Noticed a jelly
    31 | D:4      | Noticed a bullfrog
    59 | D:4      | Found Zowaym's Distillery.
    59 | D:4      | Noticed a sleepcap
    65 | D:3      | Noticed Terence
    67 | D:3      | Killed Terence
    68 | D:3      | Reached XP level 2. HP: 25/25 MP: 4/4
   366 | D:2      | Reached XP level 3. HP: 30/30 MP: 5/5
  1251 | D:1      | Reached XP level 4. HP: 15/37 MP: 6/6
  1736 | D:2      | Reached skill level 2 in Maces & Flails
  2130 | D:3      | Identified the +4 glaive of Axir {holy, rC+}
  2361 | D:3      | Reached XP level 5. HP: 42/42 MP: 7/7
  2559 | D:3      | Reached skill level 3 in Maces & Flails
  3008 | D:4      | Noticed Eustachio
  3009 | D:4      | Eustachio changed into Eustachio the worm
  3009 | D:4      | Noticed Eustachio
  3024 | D:4      | Killed Eustachio the worm
  3058 | D:4      | Noticed Blork the orc
  3064 | D:4      | Blork the orc changed into Blork the river rat
  3064 | D:4      | Noticed Blork
  3072 | D:4      | Killed Blork the river rat
  3131 | D:4      | Reached skill level 4 in Maces & Flails
  3273 | D:4      | Noticed a black bear
  3283 | D:4      | Killed a black bear
  3284 | D:4      | Reached XP level 6. HP: 37/50 MP: 8/8
  3453 | D:4      | Reached skill level 5 in Maces & Flails
  3554 | D:4      | Bought a potion of curing for 39 gold pieces
  3554 | D:4      | Bought a potion of attraction for 39 gold pieces
  3554 | D:4      | Bought a potion of invisibility for 104 gold pieces
  3809 | D:5      | Reached skill level 6 in Maces & Flails
  3809 | D:5      | Reached XP level 7. HP: 46/56 MP: 9/9
  3973 | D:5      | Found a staircase to the Ecumenical Temple.
  4439 | D:6      | Reached skill level 7 in Maces & Flails
  4661 | D:6      | Reached skill level 8 in Maces & Flails
  4661 | D:6      | Reached XP level 8. HP: 62/62 MP: 10/10
  5196 | D:6      | Reached skill level 9 in Maces & Flails
  5518 | D:7      | Noticed Joseph
  5522 | D:7      | Joseph changed into Joseph the steam dragon
  5522 | D:7      | Noticed Joseph
  5540 | D:7      | Killed Joseph the steam dragon
  5865 | D:7      | Reached skill level 10 in Maces & Flails
  6652 | D:7      | Reached XP level 9. HP: 17/68 MP: 11/11
  6826 | D:8      | Reached skill level 11 in Maces & Flails
  6903 | D:8      | Noticed a kobold demonologist
  6915 | D:8      | Killed a kobold demonologist
  7402 | D:8      | Reached skill level 12 in Maces & Flails
  8005 | D:9      | Noticed a rime drake
  8340 | D:9      | Mangled by a polar bear

Illustrated notes

Levels and vault maps discovered:
D:1:      doesnt_arrival_eight_statues, layout_basic
D:2:      layout_loops_ring
D:3:      layout_loops_corners, hellmonk_ecumenical_altar_leap_of_faith,
          uniq_terence
D:4:      layout_rooms, lemuel_doored_altar, serial_shops, nicolae_shop_trees,
          uniq_blork_the_orc, uniq_eustachio
D:5:      nicolae_cairo_tiling, layout_rooms, minmay_temple_entry_hall,
          serial_bayou_pond_c, nicolae_the_louvre
D:6:      layout_basic, nicolae_tso_swordbearing_angel,
          mainiacjoe_overflow_alcove_4, kennysheep_generic_room_8
D:7:      layout_basic, trog_book, grunt_temple_overflow_open,
          amethyst_killhole, uniq_joseph
D:8:      layout_basic, nicolae_ru_great_annihilating_truth,
          grunt_gozag_breadcrumbs, st_stairs_13, hangedman_decor_slide_cut
D:9:      layout_irregular_city, hellmonk_lair_entry_icy, uniq_erica

Skill      XL: |  1  2  3  4  5  6  7  8  9 |
---------------+----------------------------+-----
Evocations     | 2 3 4 |  4.0
Maces & Flails | 2 4 6 8 10 12 | 12.6
Fighting       | |  2.6
Dodging        | |  1.7
Stealth        | |  4.5

Action                     |  1- 3 |  4- 6 |  7- 9 || total
---------------------------+-------+-------+-------++-------
  Melee: Flail             |   107 |   204 |   107 ||   418
         Mace              |     2 |       |   233 ||   235
         Punch             |       |     3 |     3 ||     6
         Rapier            |       |       |    15 ||    15
         Whip              |       |       |    10 ||    10
   Fire: Sling             |       |       |    25 ||    25
  Throw: Dart              |       |     5 |    18 ||    23
  Evoke: Wand              |     3 |     2 |    14 ||    19
   Stab: Sleeping          |    11 |     5 |       ||    16
         Paralysed         |       |       |     1 ||     1
 Armour: Leather armour    |    68 |    20 |       ||    88
         Chain mail        |       |   130 |   247 ||   377
         Robe              |       |       |    26 ||    26
  Dodge: Dodged            |    65 |   128 |   139 ||   332

Table legend: (Time is in decaauts)
 A = Elapsed time spent in this place.
 B = Non-inter-level travel time spent in this place.
 C = Inter-level travel time spent in this place.
 D = Time resting spent in this place.
 E = Time spent auto-exploring this place.
 F = Levels seen in this place.
 G = Mean time per level.
                   A        B        C        D        E       F      G
               +--------+--------+--------+--------+--------+-----+--------+
         Total |   8394 |   8216 |    178 |   1182 |   4746 |   9 |  932.7 |
       Dungeon |   8394 |   8216 |    178 |   1182 |   4746 |   9 |  932.7 |
               +--------+--------+--------+--------+--------+-----+--------+

Top non-repeatable levels by time:
     D:7: 1287 daAuts
     D:3: 1146 daAuts
     D:6: 1124 daAuts
     D:8: 1106 daAuts
     D:1: 1021 daAuts
     D:2: 836 daAuts
     D:5: 784 daAuts
     D:4: 707 daAuts
     D:9: 379 daAuts
